 Dungeon Crawl Stone Soup version 0.19-a0-1041-g82b1012 (webtiles) character file.

118 mopl the Skirmisher (level 4, 0/37 HPs)
             Began as a Mummy Monk on July 30, 2016.
             Slain by an orc priest
             ... wielding a +0 whip
              (2 damage)
             ... on level 3 of the Dungeon.
             The game lasted 00:03:48 (3107 turns).

mopl the Skirmisher (Mummy Monk)                    Turns: 3107, Time: 00:03:49

Health: 0/37       AC:  5    Str: 14    XL:     4   Next: 72%
Magic:  4/4        EV: 12    Int:  9    God:
Gold:   187        SH:  4    Dex: 15    Spells: 0 memorised, 3 levels left

rFire  x . .     SeeInvis .       - Unarmed
rCold  + . .     Gourm    .     (no armour)
rNeg   + + +     Faith    .     j - +0 buckler
rPois  ∞         Spirit   .     f - +2 hat
rElec  .         Dismiss  .     k - +2 cloak
rCorr  .         Reflect  .     (no gloves)
SustAt .         Harm     .     (no boots)
MR     .....                    (no amulet)
Stlth  ++........               (no ring)
                                (no ring)

@: not resistant to hostile enchantments, unstealthy
A: no food or potions, fire vulnerability, cold resistance 1, negative energy
resistance 3, torment resistance, unbreathing
a: no special abilities


You were on level 3 of the Dungeon.
You were not hungry.

You visited 1 branch of the dungeon, and saw 3 of its levels.

You collected 187 gold pieces.

Inventory:

Armour
 f - a +2 hat (worn)
 j - a +0 buckler (worn)
 k - a +2 cloak (worn)
 l - a +0 helmet
Jewellery
 d - an uncursed amulet of dismissal {unknown}
Scrolls
 a - 4 scrolls of remove curse
 b - a scroll of amnesia {unknown}
 c - a scroll of identify {unknown}
 e - 3 scrolls of recharging
 g - 2 scrolls of enchant armour {unknown}
 h - a scroll of blinking {unknown}
 i - a scroll of teleportation {unknown}


   Skills:
 + Level 3.9 Fighting
 - Level 2.4 Dodging
 - Level 1.5 Stealth
 + Level 0.7 Shields
 * Level 3.8 Unarmed Combat


You had 3 spell levels left.
You didn't know any spells.

Dungeon Overview and Level Annotations

Branches:
Dungeon (3/15)

Altars:

Annotations:
D:3 exclusion: ogre


Innate Abilities, Weirdness & Mutations

You do not eat or drink.
Your flesh is vulnerable to fire.
You are immune to poison.
Your flesh is cold resistant. (rC+)
You are immune to negative energy. (rN+++)
You are immune to unholy pain and torment.
You can survive without breathing.


Message History

You are too injured to fight recklessly!
You hit the orc priest but do no damage.
The orc priest is almost dead.
The orc priest looks braver for a moment.
You completely miss the orc priest.
The orc priest is almost dead.
The orc priest closely misses you.
You hit the orc priest but do no damage.
The orc priest is almost dead.
The orc priest hits you but does no damage.
You closely miss the orc priest.
The orc priest is almost dead.
The orc priest misses you.
You hit the orc priest but do no damage.
The orc priest is almost dead.
The orc priest mumbles some strange prayers to Beogh against you.
Beogh smites you!
* * * LOW HITPOINT WARNING * * *
The orc priest hits you with a whip.
You die...

#†#.##...#
#.#.###.##
#.#..##.#
#.##.##.#
#.##.##.#
#.......#
####.####
#.# #@#
o.######o#
...o....o#
.#########


You could see 2 orc priests.

Vanquished Creatures
  A howler monkey (D:3)
  2 adders (D:2)
  2 dart slugs
  2 giant geckos (D:1)
  2 orcs (D:3)
  A ball python (D:2)
  3 giant cockroaches
  7 goblins
  5 hobgoblins
  6 kobolds
  A quokka (D:2)
  12 bats
  2 giant newts (D:1)
  7 rats
53 creatures vanquished.

Notes
Turn   | Place    | Note
-------+----------+-------------------------------------------
     0 | D:1      | mopl the Mummy Monk began the quest for the Orb.
     0 | D:1      | Reached XP level 1. HP: 18/18 MP: 1/1
   200 | D:1      | Reached XP level 2. HP: 24/24 MP: 2/2
   529 | D:1      | Reached skill level 3 in Unarmed Combat
  1045 | D:2      | Reached XP level 3. HP: 27/29 MP: 3/3
  2123 | D:2      | Reached XP level 4. HP: 37/37 MP: 4/4
  2685 | D:3      | Noticed an ogre
  3107 | D:3      | Slain by an orc priest

Vault maps used:
D:1:      minmay_arrival_three_doors
D:2:      minmay_kobold_bridge
D:3:      st_stairs_7

Skill      XL: |  1  2 |
---------------+-------+-----
Unarmed Combat | 3 |  3.8
Fighting       | |  3.9
Dodging        | |  2.4
Stealth        | |  1.5
Shields        | |  0.7

Action                   |  1- 3 |  4- 6 || total
-------------------------+-------+-------++-------
Melee: Unarmed           |   172 |    65 ||   237
       Punch             |     3 |       ||     3
  Use: Scroll            |     2 |       ||     2
 Stab: Sleeping          |     7 |     3 ||    10
Armor: Skin              |     4 |    10 ||    14
Dodge: Dodged            |   117 |    33 ||   150
Block: Buckler           |       |     6 ||     6
